[Event "Titled Tuesday Blitz February 14 Early 2023"]
[White "Lortkipanidze, Nodar"]
[Black "Donskov, Anatoly"]
[WhiteFideId "13604058"]
[BlackFideId "24143413"]
[WhiteElo "2406"]
[BlackElo "2279"]
[Result "1-0"]
[Round "08"]
[TimeControl "180+2"]
[Date "2023.02.14"]
[WhiteClock "0:01:20"]
[BlackClock "0:00:37"]

1. e4 c5 2. c3 d5 3. exd5 Qxd5 4. d4 Nf6 5. Nf3 e6 6. Bd3 Be7 7. O-O cxd4 8. cxd4 O-O 9. Nc3 Qd6 10. Bg5 Nc6 11. Rc1 b6 12. Nb5 Qd7 13. Bxf6 Bxf6 14. Be4 Bb7 15. d5 Nd8 16. Qd3 g6 17. Rc7 Qe8 18. Nd6 Qa4 19. Nxb7 Nxb7 20. Rxb7 exd5 21. Bxd5 Rad8 22. Qb3 Qa6 23. Rxf7 1-0


[Site "https://www.chess.com"]

[Event "Titled Tuesday Blitz February 14 Early 2023"]
[White "Srihari L R"]
[Black "Shimanov, Aleksandr"]
[WhiteFideId "46617116"]
[BlackFideId "4198603"]
[WhiteElo "2416"]
[BlackElo "2581"]
[Result "0-1"]
[Round "08"]
[TimeControl "180+2"]
[Date "2023.02.14"]
[WhiteClock "0:00:09"]
[BlackClock "0:00:06"]

1. c4 Nf6 2. Nc3 g6 3. d4 Bg7 4. g3 O-O 5. Bg2 d6 6. Nf3 Nc6 7. O-O e5 8. dxe5 dxe5 9. Bg5 h6 10. Qxd8 Rxd8 11. Bxf6 Bxf6 12. Nd5 Kg7 13. Nxc7 Rb8 14. e4 g5 15. Nd5 Be6 16. Rfd1 g4 17. Nd2 h5 18. Nf1 Bg5 19. Nfe3 Nd4 20. Rd3 Rdc8 21. b3 h4 22. gxh4 Bxh4 23. Rad1 Rh8 24. Rxd4 exd4 25. Rxd4 Bf6 26. Nxf6 Kxf6 27. Nd5+ Ke5 28. Rd3 Rh4 29. Ne3 Rhh8 30. Nd5 Rbd8 31. h3 gxh3 32. f4+ Kd6 33. Bf1 h2+ 34. Kh1 Bxd5 35. Rxd5+ Ke7 36. Bg2 Rh4 37. e5 Rxf4 38. Rxd8 Kxd8 39. Bxb7 Rf2 40. a4 Rb2 41. Bd5 Ke7 42. c5 a5 43. c6 Rc2 44. Bc4 Rb2 45. c7 Kd7 46. Bxf7 Kxc7 47. Bc4 Kd7 48. e6+ Kd6 49. b4 Rxb4 50. Bb5 Kxe6 51. Kxh2 Rxb5 0-1


[Site "https://www.chess.com"]

[Event "Titled Tuesday Blitz February 14 Early 2023"]
[White "Erdogdu, Mert"]
[Black "Drygalov, Sergey"]
[WhiteFideId "6301495"]
[BlackFideId "24171743"]
[WhiteElo "2413"]
[BlackElo "2547"]
[Result "1-0"]
[Round "08"]
[TimeControl "180+2"]
[Date "2023.02.14"]
[WhiteClock "0:00:08"]
[BlackClock "0:00:04"]

1. e4 c5 2. Nf3 d6 3. d4 cxd4 4. Nxd4 Nf6 5. Nc3 a6 6. Be3 e5 7. Nb3 Be6 8. f3 h5 9. Qd2 Nbd7 10. O-O-O Rc8 11. Kb1 Qc7 12. h3 h4 13. Bd3 Be7 14. Rhe1 b5 15. f4 Nb6 16. Bxb6 Qxb6 17. Nd5 Bxd5 18. exd5 O-O 19. fxe5 dxe5 20. Rxe5 Qd6 21. Rg5 Rfe8 22. Nd4 Bf8 23. Nf5 Qd7 24. Rxg7+ Bxg7 25. Qg5 Nh5 26. Qxh5 Qd8 27. Nxg7 Kxg7 28. Qh7+ Kf8 29. Rf1 Qf6 30. a3 Qg7 31. Qxh4 Rcd8 32. Rf4 Rd6 33. Qf2 Rxd5 34. g4 Rde5 35. h4 Re1+ 36. Ka2 R1e6 37. Rf5 R6e7 38. Qf4 Re6 39. Qb4+ R8e7 40. Rd5 Ke8 41. Qc5 f5 42. Bxf5 Re5 43. Qc8+ Kf7 44. Rd6 Re1 45. Bg6+ Qxg6 46. Rxg6 Kxg6 47. Qf5+ Kg7 48. g5 R1e5 49. Qf6+ Kg8 50. h5 R5e6 51. Qf5 Re5 52. Qc8+ Kg7 53. Qc6 Rxg5 54. Qxa6 Rxh5 55. Qd6 Rhe5 56. Qd4 Kf7 57. b3 Ke6 58. a4 Rd7 59. Qg4+ Kd6 60. axb5 Rxb5 61. Kb2 Re5 62. Qd4+ Ke6 63. Qg4+ Kd6 64. c4 Rde7 65. Ka3 Ra7+ 66. Kb4 Rb7+ 67. Ka4 Ra7+ 68. Kb4 Rb7+ 69. Ka3 Ra7+ 70. Kb2 Rae7 71. Qd4+ Kc6 72. b4 Re3 73. Qd5+ Kc7 74. b5 Rg3 75. Qc5+ Kd7 76. Qd4+ Ke8 77. Qh8+ Kd7 78. Qd4+ Ke8 79. Qf2 Rge3 80. Qf4 R3e4 81. Qb8+ Kf7 82. Qc8 Re3 83. Qf5+ Ke8 84. b6 Rg3 85. Qc8+ Kf7 86. Qf5+ Ke8 87. Qh5+ Kd8 88. c5 Reg7 89. Qd5+ Kc8 90. c6 Re3 91. Qf5+ Kd8 92. Qf8+ Re8 93. Qxg7 Re2+ 94. Kc3 Re7 95. Qf8+ Re8 96. Qd6+ Kc8 97. Qc7# 1-0


[Site "https://www.chess.com"]

[Event "Titled Tuesday Blitz February 14 Early 2023"]
[White "Urazayev, Arystanbek"]
[Black "Cherniaiev, Tykhon"]
[WhiteFideId "13709810"]
[BlackFideId "14182360"]
[WhiteElo "2460"]
[BlackElo "2330"]
[Result "1-0"]
[Round "08"]
[TimeControl "180+2"]
[Date "2023.02.14"]
[WhiteClock "0:00:23"]
[BlackClock "0:00:03"]

1. d4 Nf6 2. c4 e6 3. Nc3 d5 4. Bg5 Be7 5. e3 O-O 6. Nf3 c5 7. cxd5 exd5 8. dxc5 Bxc5 9. Bd3 Be6 10. O-O Nc6 11. a3 Rc8 12. Rc1 Be7 13. h3 h6 14. Bh4 a6 15. Ne2 Ne4 16. Bxe7 Qxe7 17. Ned4 Bd7 18. Nxc6 Bxc6 19. Nd4 Bd7 20. Qh5 Nf6 21. Qf3 Ne4 22. Qf4 g5 23. Qh2 Qf6 24. Rc7 Rfd8 25. Bxe4 dxe4 26. Rfc1 Rxc7 27. Rxc7 Bc6 28. Qg3 Qd6 29. Qxd6 Rxd6 30. g4 Rf6 31. Nf5 Kh7 32. Kg2 h5 33. Kg3 hxg4 34. hxg4 Bd5 35. b4 Bc6 36. Nd4 Bd5 37. Rd7 Bc4 38. Rxb7 Rh6 39. f4 exf3 40. Nxf3 Bd5 41. Rd7 Bc6 42. Rxf7+ Kg8 43. Rc7 Re6 44. Nxg5 Rxe3+ 45. Kf4 Rc3 46. Ke5 Rc4 47. Ne6 Bb5 48. Rxc4 Bxc4 49. Nc7 Kf7 50. Kd4 Be2 51. Kc5 Bxg4 52. Nxa6 Ke7 53. b5 Kd7 54. a4 Bf3 55. a5 Kc8 56. Nb4 Be2 57. a6 Kb8 58. Kb6 Ka8 59. Ka5 Bf1 60. b6 Bg2 61. Nd3 Be4 62. Ne5 Bd5 63. Kb5 Bg2 64. Kc5 Be4 65. Kd6 Bb7 66. axb7+ Kxb7 67. Kc5 Ka8 68. Kc6 Kb8 69. b7 Ka7 70. Nd7 Ka6 71. b8=Q Ka5 72. Qb5# 1-0


[Site "https://www.chess.com"]

[Event "Titled Tuesday Blitz February 14 Early 2023"]
[White "Martinez Ramirez, Lennis"]
[Black "Kamsky, Gata"]
[WhiteFideId "3509079"]
[BlackFideId "2000024"]
[WhiteElo "2426"]
[BlackElo "2665"]
[Result "1/2-1/2"]
[Round "08"]
[TimeControl "180+2"]
[Date "2023.02.14"]
[WhiteClock "0:00:07"]
[BlackClock "0:00:15"]

1. c4 e5 2. Nc3 Nc6 3. g3 Bc5 4. Bg2 d6 5. a3 a6 6. b4 Ba7 7. e3 Nf6 8. Nge2 O-O 9. O-O Ne7 10. d4 Ng6 11. h3 c6 12. f4 exd4 13. exd4 d5 14. c5 h5 15. f5 Ne7 16. Bg5 Bxf5 17. Nf4 Bg6 18. Bxf6 gxf6 19. Nxh5 Nf5 20. g4 Bxh5 21. Rxf5 Bg6 22. Qd2 Re8 23. Rf2 Qe7 24. Raf1 Qe3 25. a4 Qxd2 26. Rxd2 Re3 27. Rf3 Rae8 28. Kf2 Rxf3+ 29. Bxf3 Bb8 30. Re2 Re6 31. b5 axb5 32. axb5 Bf4 33. b6 Bd3 34. h4 Bxe2 35. Nxe2 Bd2 36. g5 Be3+ 37. Kg3 fxg5 38. hxg5 Rg6 39. Bg4 Rxg5 40. Kf3 f5 41. Bh3 Bd2 42. Ng3 Kf7 43. Nxf5 Bc3 44. Nd6+ Ke7 45. Nxb7 Bxd4 46. Na5 Bxc5 47. b7 Bd6 48. Nxc6+ Kf6 49. b8=Q Bxb8 50. Nxb8 Rg8 51. Nd7+ Ke7 52. Ne5 Kd6 53. Nd3 Re8 54. Bf5 d4 55. Kf4 Re3 56. Be4 Ke6 57. Nc5+ Kd6 58. Nd3 Ke6 59. Nc5+ Kd6 60. Nd3 1/2-1/2


[Site "https://www.chess.com"]

[Event "Titled Tuesday Blitz February 14 Early 2023"]
[White "Ibarra Jerez, Jose Carlos"]
[Black "Taspinar, Yanki"]
[WhiteFideId "2226332"]
[BlackFideId "34561188"]
[WhiteElo "2563"]
[BlackElo "2262"]
[Result "1-0"]
[Round "08"]
[TimeControl "180+2"]
[Date "2023.02.14"]
[WhiteClock "0:00:21"]
[BlackClock "0:00:03"]

1. Nf3 Nf6 2. g3 g6 3. b3 Bg7 4. Bb2 O-O 5. Bg2 b6 6. Ne5 d5 7. c4 Bb7 8. O-O c5 9. d4 cxd4 10. Qxd4 Nbd7 11. Nxd7 Qxd7 12. Rd1 Rfd8 13. Qf4 Nh5 14. Qc1 Rac8 15. Bxg7 Nxg7 16. Nc3 d4 17. Bxb7 Qxb7 18. Nd5 Nf5 19. Qf4 f6 20. g4 Ng7 21. Qxd4 Kh8 22. Qe3 Rd7 23. Rd3 Rcd8 24. Rad1 Qc6 25. Nxe7 Rxd3 26. Rxd3 Qe8 27. Rxd8 Qxd8 28. Nd5 f5 29. g5 Kg8 30. f4 Kf7 31. Qe5 Nh5 32. Kf2 Qd7 33. e3 b5 34. c5 a5 35. a3 a4 36. b4 h6 37. gxh6 Kg8 38. c6 Qd8 39. c7 Qh4+ 40. Ke2 Qg4+ 41. Kd2 Qg2+ 42. Kc3 Qf1 43. c8=Q+ Kh7 44. Qch8# 1-0


[Site "https://www.chess.com"]

[Event "Titled Tuesday Blitz February 14 Early 2023"]
[White "Maksimovic, Bojan"]
[Black "Korchmar, Vasiliy"]
[WhiteFideId "14408120"]
[BlackFideId "24131750"]
[WhiteElo "2486"]
[BlackElo "2438"]
[Result "0-1"]
[Round "08"]
[TimeControl "180+2"]
[Date "2023.02.14"]
[WhiteClock "0:00:12"]
[BlackClock "0:00:26"]

1. e4 c5 2. Nf3 d6 3. d4 cxd4 4. Nxd4 Nf6 5. Nc3 Nc6 6. Bg5 Bd7 7. Qd2 a6 8. O-O-O e6 9. f4 Be7 10. Kb1 b5 11. Bxf6 Bxf6 12. Nxc6 Bxc6 13. Qxd6 Qxd6 14. Rxd6 Rc8 15. e5 Be7 16. Rd2 g5 17. Bd3 gxf4 18. Rf1 h5 19. Be4 Rg8 20. Rdf2 Bxe4 21. Nxe4 Rc4 22. Nf6+ Bxf6 23. exf6 e5 24. Re2 Rg5 25. b3 Rd4 26. c3 Rd3 27. Rxf4 Rxc3 28. h4 Rxg2 29. Rxe5+ Kd7 30. Re7+ Kd6 31. Rd4+ Kc5 32. Rd1 Kb4 33. Rc1 Rf3 34. Rc2 Rxc2 35. Kxc2 Rxf6 36. Re5 Rf2+ 37. Kd3 Rxa2 38. Rxh5 Kxb3 39. Rh6 a5 40. Rb6 b4 41. h5 Rh2 42. h6 a4 43. Ke4 a3 44. Kf3 a2 45. Kg3 Rxh6 46. Rxh6 a1=Q 47. Rh4 Qc3+ 48. Kg4 Qc4+ 49. Kh5 Qxh4+ 50. Kxh4 Kc3 51. Kg4 b3 52. Kf5 b2 53. Kf6 b1=Q 54. Ke5 Qg6 55. Kf4 f5 56. Ke3 Qg4 57. Kf2 Kd4 58. Ke1 Ke3 59. Kf1 Qe2+ 60. Kg1 Kf3 61. Kh1 Qg2# 0-1


[Site "https://www.chess.com"]

[Event "Titled Tuesday Blitz February 14 Early 2023"]
[White "Yuan, Qingyu"]
[Black "Piesik, Piotr"]
[WhiteFideId "8609772"]
[BlackFideId "1136194"]
[WhiteElo "2373"]
[BlackElo "2426"]
[Result "0-1"]
[Round "08"]
[TimeControl "180+2"]
[Date "2023.02.14"]
[WhiteClock "0:00:03"]
[BlackClock "0:01:34"]

1. e4 g6 2. d4 Bg7 3. Nc3 c6 4. f4 d5 5. e5 Nh6 6. Nf3 Bg4 7. Bd3 Nf5 8. Ne2 Bxf3 9. gxf3 e6 10. c3 Nd7 11. Ng3 Qh4 12. Kf2 Bh6 13. Bxf5 gxf5 14. Be3 Nf8 15. Qd2 Ng6 16. Rag1 Ke7 17. Ke2 Bxf4 18. Bxf4 Nxf4+ 19. Kd1 Rhg8 20. c4 a5 21. Qc3 Rad8 22. Qa3+ Ke8 23. c5 Nh3 24. Nxf5 Rxg1+ 25. Rxg1 exf5 26. Rg8+ Kd7 27. Rxd8+ Qxd8 28. Qe3 Qh4 29. Ke2 Nf4+ 30. Kd1 Qxh2 31. Qb3 Qe2+ 32. Kc1 Nd3+ 33. Kb1 Qe1+ 34. Kc2 Nb4+ 35. Qxb4 axb4 0-1


[Site "https://www.chess.com"]

[Event "Titled Tuesday Blitz February 14 Early 2023"]
[White "Boros, Denes"]
[Black "Tan, Jun Ying"]
[WhiteFideId "722340"]
[BlackFideId "5710413"]
[WhiteElo "2406"]
[BlackElo "2307"]
[Result "1-0"]
[Round "08"]
[TimeControl "180+2"]
[Date "2023.02.14"]
[WhiteClock "0:02:09"]
[BlackClock "0:00:05"]

1. d4 Nf6 2. Nc3 d5 3. Bf4 a6 4. Bg5 c5 5. e4 dxe4 6. d5 Bf5 7. f3 exf3 8. Qxf3 Bxc2 9. Rc1 Bg6 10. Nh3 Nbd7 11. Nf4 Qb6 12. Bc4 Ne5 13. Qe2 Nxc4 14. Qxc4 Qb4 15. Qe2 Ne4 16. Nxg6 Nxg5 17. Nxh8 Qf4 18. Rd1 O-O-O 19. h4 Qg3+ 20. Qf2 Qe5+ 21. Qe2 Qg3+ 22. Kf1 Rd6 23. hxg5 Qf4+ 24. Qf3 Qc4+ 25. Kg1 f6 26. Nf7 Rd7 27. Rxh7 1-0


[Site "https://www.chess.com"]

[Event "Titled Tuesday Blitz February 14 Early 2023"]
[White "Remizov, Yaroslav"]
[Black "Skvortsov, Andrei"]
[WhiteFideId "34134015"]
[BlackFideId "24108600"]
[WhiteElo "2421"]
[BlackElo "2313"]
[Result "1-0"]
[Round "08"]
[TimeControl "180+2"]
[Date "2023.02.14"]
[WhiteClock "0:00:03"]
[BlackClock "0:00:15"]

1. e4 d5 2. exd5 Qxd5 3. Nc3 Qe5+ 4. Be2 Bg4 5. f3 Bd7 6. d4 Qa5 7. Bd2 Nf6 8. Bc4 Qb6 9. Nge2 Nc6 10. Na4 Qxd4 11. Nxd4 Nxd4 12. Be3 Nf5 13. Bg5 Bxa4 14. Qd3 Nd6 15. Bxf6 gxf6 16. O-O e6 17. Bb3 Bc6 18. Rad1 Bg7 19. Rfe1 O-O-O 20. Qe3 Kb8 21. c3 h6 22. Bc2 f5 23. a4 Bf6 24. b4 b6 25. Bd3 Bxc3 26. b5 Bb7 27. Re2 Nxb5 28. Qc1 Bd4+ 29. Kf1 Nc3 30. Red2 Nxd1 31. Rxd1 Bc5 32. Bb5 Bd5 33. g3 a5 34. Kg2 h5 35. h4 Rhg8 36. Be2 Bd6 37. Kf1 Bxg3 38. Ba6 Bd6 39. Rxd5 Bc5 40. Rxc5 bxc5 41. Qb2+ Ka7 42. Qb7# 1-0


[Site "https://www.chess.com"]

[Event "Titled Tuesday Blitz February 14 Early 2023"]
[White "Panesso Rivera, Henry"]
[Black "Mendonca, Leon Luke"]
[WhiteFideId "4402707"]
[BlackFideId "35028561"]
[WhiteElo "2342"]
[BlackElo "2603"]
[Result "0-1"]
[Round "08"]
[TimeControl "180+2"]
[Date "2023.02.14"]
[WhiteClock "0:01:01"]
[BlackClock "0:01:18"]

1. Nf3 Nf6 2. g3 b6 3. Bg2 Bb7 4. O-O g6 5. b3 Bg7 6. Bb2 O-O 7. c4 c5 8. Nc3 d6 9. d4 cxd4 10. Nxd4 Bxg2 11. Kxg2 Qc8 12. e4 Qb7 13. f3 a6 14. Qe2 Nc6 15. Nxc6 Qxc6 16. Nd5 Nxd5 17. exd5 Qd7 18. Bxg7 Kxg7 19. Rfe1 Rfe8 20. a4 e5 21. dxe6 Rxe6 22. Qb2+ Kg8 23. Rad1 Rae8 24. Rxe6 Rxe6 25. Kf2 Qe7 26. Qd2 h5 27. h4 Qf6 28. Re1 Rxe1 29. Kxe1 Qxf3 30. Qxd6 Qxb3 31. Qd8+ Kg7 32. Qd4+ Kh7 33. Qd5 Qxg3+ 34. Kd1 Qg4+ 35. Kc1 Qf4+ 36. Kb2 a5 37. Qb7 Qd4+ 38. Kb3 Kg7 39. Qe7 Qd3+ 40. Kb2 Qxc4 41. Qe5+ Kh7 42. Qf6 Qe6 43. Qd4 0-1


[Site "https://www.chess.com"]

[Event "Titled Tuesday Blitz February 14 Early 2023"]
[White "Seo, Jung Min"]
[Black "Sadykov, Ramil"]
[WhiteFideId "1734687"]
[BlackFideId "24113590"]
[WhiteElo "2494"]
[BlackElo "2345"]
[Result "1-0"]
[Round "08"]
[TimeControl "180+2"]
[Date "2023.02.14"]
[WhiteClock "0:02:28"]
[BlackClock "0:00:59"]

1. d4 d5 2. c4 e6 3. Nc3 Nf6 4. Nf3 Be7 5. Bf4 O-O 6. e3 a6 7. cxd5 exd5 8. Bd3 c6 9. h3 Re8 10. O-O Nbd7 11. Bh2 Nf8 12. Ne5 N6d7 13. Nf3 Ne6 14. Qc2 g6 15. Rfe1 Nf6 16. Ne5 Ng7 17. g4 Nd7 18. f4 Nxe5 19. dxe5 h5 20. Qg2 d4 21. Ne4 dxe3 22. Rad1 Qb6 23. Kh1 Be6 24. f5 gxf5 25. gxf5 Bxf5 26. Nf6+ Bxf6 27. exf6 1-0


[Site "https://www.chess.com"]

[Event "Titled Tuesday Blitz February 14 Early 2023"]
[White "Martynov, Pavel"]
[Black "Zemlyanskii, Ivan"]
[WhiteFideId "4101260"]
[BlackFideId "24249971"]
[WhiteElo "2414"]
[BlackElo "2300"]
[Result "0-1"]
[Round "08"]
[TimeControl "180+2"]
[Date "2023.02.14"]
[WhiteClock "0:00:03"]
[BlackClock "0:00:04"]

1. e4 c5 2. Nf3 a6 3. Nc3 e6 4. g3 b5 5. Bg2 Bb7 6. d4 cxd4 7. Nxd4 Nf6 8. O-O b4 9. Na4 Bxe4 10. Bxe4 Nxe4 11. Re1 Nc5 12. c3 Nxa4 13. Qxa4 Bc5 14. Nxe6 fxe6 15. Rxe6+ Kf7 16. Re5 Be7 17. Qb3+ Kf8 18. Rf5+ Bf6 19. Bg5 Nc6 20. Re1 h6 21. Bf4 g6 22. Rd5 Kg7 23. cxb4 Re8 24. Red1 Ra7 25. a4 Re7 26. b5 axb5 27. axb5 Qb6 28. Qf3 Nd4 29. Qg4 Ne2+ 30. Kg2 Nxf4+ 31. gxf4 Qe6 32. f5 Qf7 33. h4 h5 34. Qg3 Ra4 35. fxg6 Qxg6 36. Qxg6+ Kxg6 37. Rxd7 Ree4 38. R7d6 Rg4+ 39. Kf1 Rxh4 40. R1d3 Rhf4 41. Rg3+ Kf5 42. Rd5+ Ke6 43. Rxh5 Rab4 44. Rhh3 Rxb2 45. Rf3 Rxf3 46. Rxf3 Rxb5 47. Re3+ Be5 48. Kg2 Kf5 49. Rf3+ Bf4 50. Rd3 Kg4 51. Rd8 Rb2 52. Rg8+ Bg5 53. Rf8 Be7 54. Rf7 Bc5 55. Rf6 Bd4 56. Rf3 Be5 57. Rf8 Rb7 58. Rg8+ Kf5 59. Rf8+ Ke4 60. Rg8 Rf7 61. Rg4+ Kd3 62. Rg8 Bd4 63. f3 Ke2 64. Kg3 Be3 65. Kg4 Rxf3 66. Re8 Rf4+ 67. Kg3 Ra4 68. Re7 Ra5 69. Re8 Rg5+ 70. Kh4 Rg7 71. Kh5 Kf3 72. Rf8+ Bf4 73. Rf6 Rg5+ 74. Kh4 Rb5 75. Rf7 Rb6 76. Rh7 Rb5 77. Rh8 Ra5 78. Rh7 Ra2 79. Kh5 Ra6 80. Rh8 Kg3 81. Rg8+ Kh3 82. Rg7 Rb6 83. Rg6 Rb5+ 0-1


[Site "https://www.chess.com"]

[Event "Titled Tuesday Blitz February 14 Early 2023"]
[White "Robledo, Cristian"]
[Black "Ozen, Bahadir"]
[WhiteFideId "133450"]
[BlackFideId "6337058"]
[WhiteElo "2270"]
[BlackElo "2369"]
[Result "1-0"]
[Round "08"]
[TimeControl "180+2"]
[Date "2023.02.14"]
[WhiteClock "0:00:29"]
[BlackClock "0:00:41"]

1. d4 g6 2. h4 h5 3. e4 Bg7 4. Nc3 a6 5. Nf3 d6 6. Be2 Nc6 7. Be3 Nf6 8. Ng5 e5 9. d5 Nd4 10. Bxd4 exd4 11. Qxd4 O-O 12. Qd2 c6 13. dxc6 bxc6 14. O-O-O Qa5 15. Qxd6 Ng4 16. Bxg4 Bxg4 17. f3 Bxc3 18. bxc3 Qxc3 19. Qd4 Qa3+ 20. Qb2 Qa5 21. Rd3 Rab8 22. Rb3 Rbd8 23. fxg4 Qd2+ 24. Kb1 Qxg2 25. Rc1 Qxg4 26. Qf6 Qxh4 27. e5 Qd4 28. Ne6 fxe6 29. Qxg6+ Kh8 30. Qxh5+ Kg7 31. Rg3+ 1-0


[Site "https://www.chess.com"]

[Event "Titled Tuesday Blitz February 14 Early 2023"]
[White "Bilych, Olexiy"]
[Black "Petukhov, Dmitry"]
[WhiteFideId "14156504"]
[BlackFideId "4142748"]
[WhiteElo "2441"]
[BlackElo "2350"]
[Result "1-0"]
[Round "08"]
[TimeControl "180+2"]
[Date "2023.02.14"]
[WhiteClock "0:00:07"]
[BlackClock "0:00:14"]

1. d4 Nf6 2. c4 g6 3. Nc3 d5 4. Qb3 dxc4 5. Qxc4 a6 6. Bf4 b5 7. Qxc7 Qxc7 8. Bxc7 Nc6 9. e3 Bf5 10. Rc1 Rc8 11. Bg3 Nb4 12. Nf3 Bh6 13. Be2 Nd3+ 14. Bxd3 Bxd3 15. Ne5 Bf5 16. O-O O-O 17. a3 Rfd8 18. Rfe1 Ne4 19. Nxe4 Bxe4 20. Nf3 Kg7 21. Nd2 Bd5 22. Nb1 f6 23. Nc3 Bf7 24. f3 a5 25. Bf2 b4 26. axb4 axb4 27. Ne4 Rxc1 28. Rxc1 Rxd4 29. Kf1 f5 30. Nc5 Rc4 31. Rxc4 Bxc4+ 32. Ke1 Kf7 33. b3 Bd5 34. Ke2 Bc6 35. Be1 Bb5+ 36. Kf2 Bf8 37. Bxb4 e5 38. e4 fxe4 39. fxe4 Bc6 40. Ke3 Be7 41. Kd3 Bd6 42. g3 Bb5+ 43. Kc3 Bc6 44. Nd3 Bc7 45. Nc5 Bb6 46. Nd3 Ke6 47. Bc5 Bc7 48. Nf2 Bb5 49. Kb4 Bd8 50. Kxb5 Bg5 51. Kc4 h5 52. b4 h4 53. gxh4 Bxh4 54. Ng4 Bd8 55. h3 Kd7 56. b5 Ke6 57. b6 g5 58. b7 Bc7 59. Ba7 Kd7 60. Kd5 1-0


[Site "https://www.chess.com"]

[Event "Titled Tuesday Blitz February 14 Early 2023"]
[White "Demchenko, Anton"]
[Black "AyMitecK"]
[WhiteFideId "4160258"]
[WhiteElo "2623"]
[BlackElo "2484"]
[Result "1-0"]
[Round "08"]
[TimeControl "180+2"]
[Date "2023.02.14"]
[WhiteClock "0:00:06"]
[BlackClock "0:00:01"]

1. e4 e6 2. d4 d5 3. Nc3 Nf6 4. e5 Nfd7 5. Nce2 c5 6. c3 Nc6 7. f4 Qb6 8. Nf3 f6 9. g3 cxd4 10. cxd4 Bb4+ 11. Kf2 fxe5 12. fxe5 Ndxe5 13. Nxe5 Nxe5 14. Kg2 Ng6 15. h4 O-O 16. h5 Ne7 17. Be3 e5 18. Qb3 Bg4 19. dxe5 Bf3+ 20. Kg1 Bc5 21. Qxb6 Bxb6 22. Bxb6 axb6 23. Rh2 Nc6 24. e6 Bxe2 25. Rxe2 Nd4 26. Rf2 Nxe6 27. Bg2 Rfd8 28. Rd2 d4 29. Bxb7 Ra7 30. Bg2 Nc5 31. Rad1 Rxa2 32. Rxd4 Rxd4 33. Rxd4 Rxb2 34. Bd5+ Kf8 35. Rf4+ Ke8 36. Rg4 Kf8 37. Rf4+ Ke8 38. Rg4 g6 39. hxg6 hxg6 40. Rxg6 Ke7 41. g4 Nd3 42. Re6+ Kd7 43. Re3 Nf4 44. Be4 Ne2+ 45. Kf2 Nd4+ 46. Kg3 Ne2+ 47. Kh4 Nf4 48. g5 Rb4 49. Kg3 Nh5+ 50. Kg4 Ng7 51. g6 Kd6 52. Kg5 Ne6+ 53. Kf6 Nf4 54. g7 Nh5+ 55. Kg6 Nxg7 56. Kxg7 Ke5 57. Bc6+ Kd6 58. Be8 Rf4 59. Bf7 Kc5 60. Re5+ Kd4 61. Rg5 Rf1 62. Kf8 Kc3 63. Ke7 Rd1 64. Be6 Rb1 65. Bd7 Re1+ 66. Kd6 Rd1+ 67. Kc6 Kc4 68. Be6+ Kb4 69. Rg4+ Kc3 70. Bd5 b5 71. Kc5 b4 72. Rg3+ Kb2 73. Bc4 Rd8 74. Rb3+ Kc2 75. Rxb4 Rc8+ 76. Kd4 Rd8+ 77. Bd5 Kd2 78. Rb2+ Kc1 79. Rh2 Rf8 80. Ke4 Re8+ 81. Kd3 Rh8 82. Rc2+ Kb1 83. Rf2 Rd8 84. Kc4 Re8 85. Bc6 Rc8 86. Kc5 Kc1 87. Rf6 Kd1 88. Rd6+ Ke2 89. Kd4 Kf2 90. Be4 Rc7 91. Rh6 Kg3 92. Rg6+ Kf4 93. Rf6+ Kg5 94. Rf1 Kg4 95. Ke3 Rc3+ 96. Bd3 Ra3 97. Rg1+ Kh5 98. Ke4 Kh6 99. Bc4 Ra4 100. Kd4 Kh5 101. Kd5 Ra5+ 102. Ke6 Ra6+ 103. Ke5 Ra5+ 104. Bd5 Ra4 105. Kf5 Kh4 106. Be4 Kh3 107. Kf4 Ra2 108. Rg7 Rf2+ 109. Bf3 Kh2 110. Rh7+ Kg1 111. Rh1# 1-0


[Site "https://www.chess.com"]

[Event "Titled Tuesday Blitz February 14 Early 2023"]
[White "Shimelkov, Vasiliy"]
[Black "Molina, Roberto Junio Brito"]
[WhiteFideId "13701630"]
[BlackFideId "2109450"]
[WhiteElo "2159"]
[BlackElo "2403"]
[Result "1/2-1/2"]
[Round "08"]
[TimeControl "180+2"]
[Date "2023.02.14"]
[WhiteClock "0:00:32"]
[BlackClock "0:00:18"]

1. d4 d5 2. Nf3 Nf6 3. c4 c6 4. Nc3 dxc4 5. a4 Bf5 6. e3 e6 7. Bxc4 Bb4 8. O-O O-O 9. Qe2 Nbd7 10. e4 Bg6 11. e5 Nd5 12. Nxd5 cxd5 13. Bd3 Re8 14. Bxg6 hxg6 15. Bd2 Bxd2 16. Qxd2 Rc8 17. Rfc1 Qb6 18. Ra3 Rxc1+ 19. Qxc1 Nb8 20. h4 Nc6 21. Qd2 Qb4 22. Qc3 Qxc3 23. Rxc3 f6 24. b3 Kf7 25. Kf1 Re7 26. Ke2 Ke8 27. Ke3 Kd7 28. g4 Re8 29. Rc1 Rh8 30. Rh1 Na5 31. h5 gxh5 32. exf6 gxf6 33. Rxh5 Rxh5 34. gxh5 Ke7 35. h6 Kf7 36. Nh4 Nxb3 37. h7 Kg7 38. Ng6 Kxh7 39. Nf8+ Kg8 40. Nxe6 Na5 41. Nc7 Nc4+ 42. Kf4 Nb6 43. a5 Nc4 44. Nxd5 Nxa5 45. Nxf6+ Kf7 46. Ne4 Nc4 47. d5 Ke7 48. Nc5 b6 49. Nd3 Kd6 50. Ke4 a5 51. f4 b5 52. f5 Nb6 53. f6 Nxd5 54. f7 Nf6+ 55. Kd4 Nd7 56. Ne5 Nf8 57. Nd3 Ne6+ 58. Kc3 Ke7 59. Ne5 Nd8 60. Kb3 Kf8 61. Kc3 Nxf7 62. Nc6 a4 63. Nd4 Nd6 64. Kb4 Ke7 65. Nxb5 Nxb5 66. Kxa4 1/2-1/2


[Site "https://www.chess.com"]

[Event "Titled Tuesday Blitz February 14 Early 2023"]
[White "Rustemov, Alexander"]
[Black "Ilkhomi, Jaloliddin"]
[WhiteFideId "4119002"]
[BlackFideId "14700948"]
[WhiteElo "2525"]
[BlackElo "1997"]
[Result "1-0"]
[Round "08"]
[TimeControl "180+2"]
[Date "2023.02.14"]
[WhiteClock "0:00:32"]
[BlackClock "0:00:07"]

1. d4 Nf6 2. c4 e6 3. Nf3 b6 4. a3 Bb7 5. Nc3 d5 6. Bg5 Be7 7. Bxf6 Bxf6 8. cxd5 exd5 9. Qa4+ Qd7 10. Qxd7+ Nxd7 11. e3 Ke7 12. Rc1 c5 13. Bb5 cxd4 14. Nxd4 Bxd4 15. exd4 Nf6 16. f3 a6 17. Bd3 Kd6 18. Na4 Bc6 19. Nc3 Rhe8+ 20. Kd2 g6 21. Rc2 Bd7 22. Rhc1 Rec8 23. g4 b5 24. h4 Rc6 25. Ne2 Rac8 26. Rxc6+ Rxc6 27. Re1 Rc8 28. Nf4 Re8 29. Rc1 Rc8 30. Rh1 h6 31. Bc2 Rg8 32. Nd3 Be6 33. Nc5 Ra8 34. Bd3 Nd7 35. b4 Nxc5 36. bxc5+ Kc6 37. a4 bxa4 38. Ra1 Bd7 39. Rxa4 Kb7 40. Rb4+ Kc7 41. Kc3 a5 42. Rb2 a4 43. Ra2 Rb8 44. Bc2 Ra8 45. Ra3 f5 46. g5 hxg5 47. hxg5 Re8 48. Bxa4 Bxa4 49. Rxa4 Re3+ 50. Kd2 Rxf3 51. Ra6 Rf4 52. Ke3 Re4+ 53. Kd3 Rg4 54. Rxg6 Rg3+ 55. Ke2 Rg4 56. Ke3 Re4+ 57. Kd3 Rg4 58. Rd6 Rxg5 59. Rxd5 Kc6 60. Kc4 Rh5 61. Rd6+ Kc7 62. Rf6 Kd7 63. d5 Ke7 64. Re6+ Kd7 65. c6+ Kd8 66. d6 Rh1 67. Rf6 Rc1+ 68. Kd5 Rd1+ 69. Ke5 Re1+ 70. Kxf5 Rf1+ 71. Kg6 Rg1+ 72. Kf7 Rc1 73. d7 Re1 74. Re6 Rf1+ 75. Kg6 Rg1+ 76. Kf5 Rf1+ 77. Kg4 Rg1+ 78. Kf3 Kc7 79. Re8 Rd1 80. Rc8+ 1-0


[Site "https://www.chess.com"]

[Event "Titled Tuesday Blitz February 14 Early 2023"]
[White "Golubev, Mikhail"]
[Black "Kukhmazov, Arsen"]
[WhiteFideId "14100983"]
[BlackFideId "24108260"]
[WhiteElo "2461"]
[BlackElo "2512"]
[Result "0-1"]
[Round "08"]
[TimeControl "180+2"]
[Date "2023.02.14"]
[WhiteClock "0:00:05"]
[BlackClock "0:01:59"]

1. e4 e5 2. Nf3 Nc6 3. Bc4 Bc5 4. c3 Nf6 5. d4 exd4 6. cxd4 Bb4+ 7. Nbd2 d5 8. exd5 Nxd5 9. O-O O-O 10. a3 Be7 11. Re1 Bf5 12. Ne4 Nb6 13. Ba2 Bxe4 14. Rxe4 Bf6 15. Be3 Nd5 16. Qb3 Nce7 17. Re1 c6 18. Bg5 Bxg5 19. Nxg5 Qd7 20. Nf3 Nf5 21. Ne5 Qc7 22. g3 Rad8 23. R4e2 Nxd4 0-1


[Site "https://www.chess.com"]

[Event "Titled Tuesday Blitz February 14 Early 2023"]
[White "Kaidanov, Gregory"]
[Black "Ajay, Karthikeyan"]
[WhiteFideId "2008564"]
[BlackFideId "35011685"]
[WhiteElo "2559"]
[BlackElo "2454"]
[Result "1-0"]
[Round "08"]
[TimeControl "180+2"]
[Date "2023.02.14"]
[WhiteClock "0:01:09"]
[BlackClock "0:00:10"]

1. Nf3 Nc6 2. d4 d5 3. g3 Bf5 4. Bg2 Qd7 5. c4 dxc4 6. Nc3 O-O-O 7. d5 Nb4 8. Nd4 e5 9. Nxf5 Qxf5 10. O-O Nf6 11. Qa4 a6 12. a3 Nbxd5 13. Nxd5 Nxd5 14. Qxc4 Nb6 15. Qb3 Bc5 16. Be3 Bxe3 17. Qxe3 Kb8 18. Rac1 Rd4 19. Rc5 Rhd8 20. Rxe5 Qf6 21. Rc5 c6 22. Qb3 Na4 23. Rxc6 Qe7 24. Rc2 Nc5 25. Qb6 Ne6 26. e3 R4d6 27. Qb4 Qd7 28. h4 Rd2 29. Rxd2 Qxd2 30. Qxb7# 1-0


[Site "https://www.chess.com"]